 Dungeon Crawl Stone Soup version 0.30.1 (webtiles) character file.

Game seed: 18104581234359969530

1222 Graphine the Skirmisher (level 8, 0/43 HPs)
             Began as a Deep Elf Hunter on July 10, 2023.
             Was an Elder of Hepliaklqana.
             Slain by Pikel
             ... wielding a +2 whip of flaming
              (3 damage)
             ... on level 6 of the Dungeon.
             The game lasted 00:13:03 (4321 turns).

Graphine the Skirmisher (Deep Elf Hunter)           Turns: 4321, Time: 00:13:04

Health: 0/43       AC:  7    Str:  8    XL:     8   Next: 23%
Magic:  10/10      EV: 15    Int: 11    God:    Hepliaklqana [****..]
Gold:   172        SH:  0    Dex: 20    Spells: 7/7 levels left

rFire   . . .        a - +5 shortbow
rCold   . . .        (shield currently unavailable)
rNeg    + + .        i - +0 leather armour of Imperfection {rN++ Int-4}
rPois   .            (no helmet)
rElec   .            (no cloak)
rCorr   .            (no gloves)
SInv    .            (no boots)
Will    .....        (no amulet)
Stlth   ++           r - +4 ring of protection
HPRegen 0.27/turn    (no ring)
MPRegen 0.12/turn

%: no passive effects
@: no status effects
A: reduced essence
a: Renounce Religion, Recall Ancestor, Ancestor Identity, Transference, Idealise


You were on level 6 of the Dungeon.
You worshipped Hepliaklqana.
Hepliaklqana was greatly pleased with you.
You visited 1 branch of the dungeon, and saw 6 of its levels.

You collected 262 gold pieces.
You spent 90 gold pieces at shops.

Inventory:

Hand Weapons
 a - a +5 shortbow (weapon)
 n - a +2 dagger of draining
 q - the +7 mace of Ysischargh {freeze, Drain rF+++ MP-9 Int+3}
   (You took it off a hobgoblin on level 4 of the Dungeon)

   Int:       It affects your intelligence (+3).
   rF:        It renders you almost immune to fire.
   MP:        It affects your magic capacity (-9).
   Drain:     It drains your maximum health when unequipped.
 v - the +9 sword of Zonguldrok {reap}
   (You found it on level 5 of the Dungeon)
Armour
 c - a +0 leather armour
 i - the +0 leather armour of Imperfection (worn) {rN++ Int-4}
   (You found it on level 2 of the Dungeon)

   Int:       It affects your intelligence (-4).
   rN:        It greatly protects you from negative energy.
 t - a +0 buckler
Jewellery
 r - a +4 ring of protection (left hand)
 w - a ring of ice
Wands
 s - a wand of quicksilver (9)
Scrolls
 b - a scroll of immolation
 h - 3 scrolls of teleportation
 j - 3 scrolls of identify
 o - 2 scrolls of blinking
Potions
 d - a potion of cancellation {unknown}
 e - 6 potions of curing
 f - 2 potions of brilliance
 g - a potion of attraction {unknown}
 k - a potion of ambrosia {unknown}
 l - 3 potions of heal wounds {unknown}
 m - a potion of mutation {unknown}
 p - 2 potions of resistance {unknown}
 u - a potion of flight {unknown}


   Skills:
 + Level 4.3 Fighting
 - Level 10.0 Ranged Weapons
 + Level 2.3 Armour
 + Level 6.1 Dodging
 - Level 1.2 Stealth


You had 7 spell levels left.
You didn't know any spells.
Your spell library contained the following spells:

 Spells                   Type           Power      Damage    Failure   Level
 Ensorcelled Hibernation  Hex/Ice        0%         N/A       58%         2
 Poisonous Vapours        Pois/Air       0%         N/A       58%         2
 Frozen Ramparts          Ice            0%         1d1       83%         3
 Mephitic Cloud           Conj/Pois/Air  0%         N/A       83%         3
 Spider Form              Tmut/Pois      0%         N/A       83%         3
 Anguish                  Hex/Necr       0%         N/A       99%         4
 Ice Form                 Ice/Tmut       0%         N/A       99%         4
 Summon Ice Beast         Ice/Summ       0%         N/A       99%         4
 Freezing Cloud           Conj/Ice/Air   0%         6-21      100%        5


Dungeon Overview and Level Annotations

Branches:
Dungeon (6/15)             Temple (0/1) D:5

Altars:
Hepliaklqana

Shops:
D:4 *   D:6 [

Annotations:
D:6 Pikel


Message History

Unknown command.
You are too injured to fight recklessly!
Fire: a) +5 shortbow
Press: ? - help, Q - select action, (/) - cycle Shift-Dir - straight line, f/p - Pikel
Aim: Pikel, wielding a +2 whip of flaming and wearing a +0 robe (almost dead, 68% to hit)
You shoot an arrow. The arrow hits Pikel.
Pikel is almost dead.
Greenie hits the lemure with a +0 flail!
The lemure hits Greenie but does no damage. x2
Pikel hits you with a +2 whip of flaming!
* * * LOW HITPOINT WARNING * * *
Pikel burns you.
* * * LOW HITPOINT WARNING * * *
You feel better.
The lemure hits Greenie.
The lemure barely misses Greenie.
Greenie misses the lemure.
Pikel misses you.
Greenie blocks the lemure's attack.
The lemure hits Greenie but does no damage.
Greenie hits the lemure with a +0 flail.
The lemure hits Greenie but does no damage.
Fire: a) +5 shortbow
Press: ? - help, Q - select action, (/) - cycle Shift-Dir - straight line, f/p - Pikel
Aim: Pikel, wielding a +2 whip of flaming and wearing a +0 robe (almost dead, 68% to hit)
Okay, then.
What are your orders? t - Shout!
Orders for allies: a - Attack new target. p - Attack previous target. r - Retreat! s - Stop attacking. g - Guard the area. f - Follow me.
Anything else - Cancel.
Gang up on whom?
Press: ? - help, Dir - move target, f/p - Pikel
Aim: Pikel, wielding a +2 whip of flaming and wearing a +0 robe (almost dead) Attack!
Greenie blocks the lemure's attack.
Greenie hits the lemure with a +0 flail.
Pikel closely misses you. Pikel attacks as you move away!
Pikel hits you with a +2 whip of flaming!
* * * LOW HITPOINT WARNING * * *
Pikel burns you.
You die...

#.....#.....#......#
#.....#.....#......#
#.....#.....#......#
#.....##...####'####
#5....##...#........
#.R)....?..#........
#..5.......'........
#..K.......#........
#..@.......#........
#..........#........
############........
#########


You could see the friendly Greenie the knight, Pikel (ally target) and 2
lemures.

Vanquished Creatures
  Sigmund (D:6)
  An ice beast (D:6)
  An ogre (D:6)
  A scorpion (D:6)
  A hound (D:3)
  2 sleepcaps (D:5)
  3 iguanas
  2 orc wizards (D:3)
  5 gnolls
  3 adders
  2 white imps
  2 ufetubi
  3 worms
  A dart slug (D:2)
  13 orcs
  5 ball pythons
  8 endoplasms
  5 giant cockroaches
  4 goblins
  3 hobgoblins
  8 kobolds
  5 quokkas
  3 bats
  5 frilled lizards
  5 rats
92 creatures vanquished.

Vanquished Creatures (collateral kills)
  Menkaure (D:4)
  2 lemures (D:6)
  A scorpion (D:4)
  2 hounds
  An orc priest (D:3)
  2 orc wizards
  3 adders
  5 gnolls
  9 orcs (D:3)
  An endoplasm (D:3)
  2 goblins (D:3)
  2 hobgoblins
  A ball python (D:4)
  2 kobolds
  A rat (D:3)
35 creatures vanquished.

Vanquished Creatures (others)
  3 ancestors
3 creatures vanquished.

Grand Total: 130 creatures vanquished

Notes
Turn   | Place    | Note
-------+----------+-------------------------------------------
     0 | D:1      | Graphine the Deep Elf Hunter began the quest for the Orb.
     0 | D:1      | Reached XP level 1. HP: 12/12 MP: 3/3
   119 | D:1      | Reached XP level 2. HP: 17/17 MP: 4/4
   175 | D:1      | Found a faded altar of an unknown god.
   183 | D:1      | Prayed at the altar of an unknown god.
   183 | D:1      | Became a worshipper of Hepliaklqana the Forgotten
   183 | D:1      | Reached * piety under Hepliaklqana
   426 | D:2      | Reached skill level 6 in Ranged Weapons
   426 | D:2      | Reached XP level 3. HP: 18/18 MP: 5/5
   623 | D:2      | Identified the +0 leather armour of Imperfection {rN++
                  | Int-4}
   825 | D:2      | Reached XP level 4. HP: 23/23 MP: 6/6
   896 | D:2      | Reached ** piety under Hepliaklqana
   897 | D:2      | Remembered your ancestor Greenie as a knight
  1373 | D:3      | Reached skill level 7 in Ranged Weapons
  1378 | D:3      | Reached XP level 5. HP: 14/27 MP: 7/7
  1534 | D:3      | Reached XP level 6. HP: 32/32 MP: 8/8
  1755 | D:3      | Identified the staff of death "Fischu Dipa" {rC+ rN+ Will+
                  | Dex-5}
  2071 | D:4      | Reached skill level 8 in Ranged Weapons
  2312 | D:4      | Identified the +7 mace of Ysischargh {freeze, Drain rF+++
                  | MP-9 Int+3}
  2488 | D:4      | Noticed Menkaure
  2494 | D:4      | Killed Menkaure
  2495 | D:4      | Reached skill level 5 in Dodging
  2495 | D:4      | Reached XP level 7. HP: 36/36 MP: 9/9
  2536 | D:4      | Found Lonu's General Store.
  2546 | D:4      | Bought a scroll of enchant weapon for 90 gold pieces
  2823 | D:5      | Entered Level 5 of the Dungeon
  2900 | D:5      | Reached skill level 9 in Ranged Weapons
  2965 | D:5      | Reached skill level 1 in Armour
  3083 | D:5      | Reached *** piety under Hepliaklqana
  3467 | D:5      | Found a staircase to the Ecumenical Temple.
  3589 | D:5      | Found the +9 sword of Zonguldrok {reap}
  3904 | D:6      | Noticed Sigmund
  3911 | D:6      | Killed Sigmund
  4059 | D:6      | Found Odorhabra's Armour Shop.
  4063 | D:6      | Reached XP level 8. HP: 43/43 MP: 10/10
  4084 | D:6      | Reached skill level 10 in Ranged Weapons
  4252 | D:6      | Reached **** piety under Hepliaklqana
  4302 | D:6      | Noticed Pikel
  4321 | D:6      | Slain by Pikel

Illustrated notes

Levels and vault maps discovered:
D:1:      lemuel_arrival_behind_the_door_large, layout_rooms,
          hellmonk_ecumenical_altar_arch_garden
D:2:      layout_loops_ring
D:3:      layout_rooms, nicolae_concentric_dashed_squares_wild,
          minmay_checkerbox
D:4:      layout_basic, serial_shops, shop, minmay_bent, uniq_menkaure
D:5:      layout_loops_corners, lemuel_temple_firewalk_b,
          chequers_serial_rivers_room_a
D:6:      layout_gridville, serial_shops, nicolae_shop_just_a_little_nook,
          kennysheep_generic_room_9, uniq_eustachio, uniq_pikel, uniq_sigmund,
          uniq_blork_the_orc

Skill      XL: |  1  2  3  4  5  6  7  8 |
---------------+-------------------------+-----
Fighting       | 2 3 4 |  4.3
Ranged Weapons | 6 7 8 9 10 | 10.0
Dodging        | 3 4 5 6 |  6.1
Armour         | 2 |  2.3
Stealth        | |  1.2

Action                     |  1- 3 |  4- 6 |  7- 9 || total
---------------------------+-------+-------+-------++-------
   Fire: Shortbow          |    94 |   108 |    80 ||   282
 Invoke: Ancestor Life: Kn |       |     1 |       ||     1
         Ancestor Identity |       |     1 |       ||     1
    Use: Scroll            |     1 |     7 |     6 ||    14
         Potion            |       |       |     2 ||     2
 Armour: Leather armour    |     9 |       |     1 ||    10
  Dodge: Dodged            |    20 |     6 |    12 ||    38
